Connexion

COLUMBUS Blue Jackets vs WINNIPEG Jets (R3)

Created - 3 février 2024 at 11:56

Goals
1 2 3 T
COLUMBUS Blue Jackets 2 3 1 6
WINNIPEG Jets 1 1 2 4
Shots
1 2 3 T
COLUMBUS Blue Jackets 13 13 9 35
WINNIPEG Jets 8 6 15 29

GoalsPenalties
1st period
1. COLUMBUS Blue Jackets , Nino Niederreiter 16 (Colin Blackwell 18, Will Borgen 7) at 1:00
2. WINNIPEG Jets , Dmitrij Jaskin 27 (Jonas Siegenthaler 13, Kevin Hayes 28) at 2:37
3. COLUMBUS Blue Jackets , Tyler Johnson 28 (Pierre-luc Dubois 44) at 2:41
Will Borgen (CLB) for Hooking (Minor) at 5:26
Jonas Siegenthaler (WPG) for Slashing (Minor) at 10:38
Rudolfs Balcers (CLB) for Cross-checking (Minor) at 10:38
Dmitrij Jaskin (WPG) for Slashing (Minor) at 18:37
2nd period
4. COLUMBUS Blue Jackets , Tyler Johnson 29 (Dante Fabbro 39, John Marino 42) at 0:28 (PP)
5. WINNIPEG Jets , Nick Leddy 12 (Andreas Athanasiou 32) at 2:16 (PP)
6. COLUMBUS Blue Jackets , Bo Horvat 26 (Dante Fabbro 40, Yan Gourde 21) at 3:05
7. COLUMBUS Blue Jackets , Tyler Johnson 30 (Will Borgen 8, Jack Roslovic 46) at 10:07
Dante Fabbro (CLB) for Cross-checking (Minor) at 2:06
Ethan Bear (WPG) for Hooking (Minor) at 4:34
Tyler Johnson (CLB) for High sticking (Minor) at 7:43
Pierre-luc Dubois (CLB) for Tripping (Minor) at 13:49
Dmitrij Jaskin (WPG) for Roughing (Minor) at 17:01
Nino Niederreiter (CLB) for Tripping (Minor) at 17:01
3rd period
8. WINNIPEG Jets , Nikita Zadorov 10 (Noah Cates 21, Andreas Athanasiou 33) at 4:43
9. COLUMBUS Blue Jackets , John Marino 15 (Tyler Johnson 38) at 15:18 (PP)
10. WINNIPEG Jets , Kevin Hayes 20 (Dmitrij Jaskin 33, Sam Bennett 20) at 19:35 (PP)
Carson Soucy (CLB) for Slashing (Minor) at 2:10
Anthony Cirelli (WPG) for Hooking (Minor) at 7:22
Pierre-luc Dubois (CLB) for High sticking (Minor) at 8:14
Jonas Siegenthaler (WPG) for Delaying the game (Minor) at 13:27
Pierre-luc Dubois (CLB) for High sticking (Minor) at 18:55
Goalie Stats
Chris Driedger (CLB), 25 saves from 29 shots - (0,862), W, 5-3-1, 60:00 minutes
Charlie Lindgren (WPG), 18 saves from 20 shots - (0,900), L, 0-2-0, 36:55 minutes
Ukko-Pekka Luukkonen (WPG), 11 saves from 15 shots - (0,733), 23:05 minutes
3 StarsOfficial
1 - Tyler Johnson (CLB)
2 - John Marino (CLB)
3 - Kevin Hayes (WPG)
Referees : Gord Dwyer and Ghislain Hebert
Linesman : Jay Sharrers and Derek Amell
Game Note
Charlie Lindgren enters game at 3:05 of 2nd period
Tyler Johnson has scored a Hat Trick!
Finance
Level 1 -- Attendance: 5324 (88,73%) -- Ticket Income $692,120
Level 2 -- Attendance: 4924 (88,80%) -- Ticket Income $413,616
Level 3 -- Attendance: 1507 (75,35%) -- Ticket Income $94,941
Level 4 -- Attendance: 2741 (68,53%) -- Ticket Income $128,827
Luxury Box -- Attendance: 1000 (100,00%) -- Ticket Income $260,000
Game was played at the MTS center.
Total Attendance: 15496 (83,56%)
Total Ticket Income: $1,589,504
Other Income: $317,901
Total Income: $1,907,405



Team Name Goals Shots Shots Attemp Shots Blocked PIM HIT PP PK FO%
COLUMBUS Blue Jackets 635761418232 / 4 (50%)268%
WINNIPEG Jets 429691112262 / 7 (29%)232%

COLUMBUS Blue Jackets
Player Name POS G A P +/- PIM HIT SHT SB MP PP MP PP SHT PK MP PK SHT FO% FOT
Artturi LehkonenLW/RW0001002113:520:0003:2200% 0
Bo HorvatC1011004014:083:3200:00074% 27
Carson SoucyD0000210418:222:3304:0600% 0
Colin BlackwellC/LW/RW0111010011:260:0001:19067% 9
Dante FabbroD0220240427:204:0004:3700% 0
Jack RoslovicC/RW0111003021:463:0110:00050% 2
John MarinoD1120031127:214:0014:3700% 0
Jordan GrossD0002011115:542:3300:0000% 0
Justin DanforthRW000-101003:580:0000:0000% 0
Nick PaulLW000-1000110:560:0006:35060% 5
Nino NiederreiterLW/RW1011212010:160:0000:100100% 2
Pierre-luc DuboisC/LW0111653122:433:0001:44060% 30
Rudolfs BalcersLW/RW000-120004:410:0000:000100% 1
Sven BaertschiLW0001014012:593:3210:0000% 0
Tyler JohnsonC/LW/RW3141218019:213:0120:000100% 2
Will BorgenD0222220011:300:0000:5500% 0
William LagessonD0000021119:300:0005:0100% 0
Yan GourdeC/LW/RW0111006019:053:3216:06069% 13
WINNIPEG Jets
Player Name POS G A P +/- PIM HIT SHT SB MP PP MP PP SHT PK MP PK SHT FO% FOT
Alexei ToropchenkoRW000-200209:270:0000:0000% 3
Andreas AthanasiouC/LW/RW0220002015:375:2910:16050% 2
Anthony CirelliC000-2201013:001:0910:34023% 13
Colton WhiteD0000010112:160:1900:0000% 0
Dawson MercerC0000024117:394:4501:05032% 25
Dmitrij JaskinLW/RW1120433122:104:0913:37020% 10
Eeli TolvanenLW/RW000-201009:270:0000:0000% 1
Ethan BearD000-1242225:525:4623:1500% 0
Evgeny SvechnikovRW0000010010:475:0400:0000% 0
Jonas SiegenthalerD0110420313:140:1901:0000% 0
Kevin HayesC/LW/RW1120033021:274:0921:3900% 1
Logan BrownC000003005:430:0000:00020% 5
Mattias JanmarkC/LW/RW000000007:330:0001:17040% 5
Nick LeddyD101-1012026:535:4624:1500% 0
Nick PerbixD000-1013120:513:3312:1800% 0
Nikita ZadorovD101-1021220:513:3302:1800% 0
Noah CatesLW0110021011:270:0000:00050% 2
Sam BennettC/LW0110005024:024:0904:38046% 24



Play-by-Play

1st period


0:01 of 1st period - Sam Bennett wins face-off versus Pierre-luc Dubois in neutral zone.
0:22 of 1st period - Icing by Dmitrij Jaskin.
0:23 of 1st period - Sam Bennett wins face-off versus Bo Horvat in WINNIPEG Jets zone.
0:23 of 1st period - Dmitrij Jaskin is hit by Sven Baertschi and loses puck.
0:28 of 1st period - Shot by Sven Baertschi.
0:28 of 1st period - Stopped by Ukko-Pekka Luukkonen without a rebound.
0:29 of 1st period - Dawson Mercer wins face-off versus Colin Blackwell in WINNIPEG Jets zone.
0:29 of 1st period - Dawson Mercer is hit by Colin Blackwell.
0:35 of 1st period - Artturi Lehkonen is hit by Dawson Mercer and loses puck.
1:00 of 1st period - Shot by Nino Niederreiter.
1:00 of 1st period - Goal by Nino Niederreiter - COLUMBUS Blue Jackets : 1 - WINNIPEG Jets : 0.
1:01 of 1st period - Bo Horvat wins face-off versus Anthony Cirelli in neutral zone.
1:12 of 1st period - Shot by Bo Horvat.
1:12 of 1st period - Stopped by Ukko-Pekka Luukkonen without a rebound.
1:13 of 1st period - Nick Paul wins face-off versus Logan Brown in WINNIPEG Jets zone.
1:50 of 1st period - Justin Danforth is hit by Logan Brown and loses puck.
2:11 of 1st period - Shot by Colton White.
2:11 of 1st period - Shot Blocked by John Marino.
2:29 of 1st period - Shot by Dmitrij Jaskin.
2:29 of 1st period - Shot Blocked by Dante Fabbro.
2:33 of 1st period - Shot by Kevin Hayes.
2:33 of 1st period - Shot Misses the Net.
2:35 of 1st period - Shot by Jonas Siegenthaler.
2:35 of 1st period - Shot Misses the Net.
2:37 of 1st period - Shot by Dmitrij Jaskin.
2:37 of 1st period - Goal by Dmitrij Jaskin - COLUMBUS Blue Jackets : 1 - WINNIPEG Jets : 1.
2:38 of 1st period - Pierre-luc Dubois wins face-off versus Alexei Toropchenko in neutral zone.
2:41 of 1st period - Shot by Tyler Johnson.
2:41 of 1st period - Goal by Tyler Johnson - COLUMBUS Blue Jackets : 2 - WINNIPEG Jets : 1.
2:42 of 1st period - Pierre-luc Dubois wins face-off versus Dawson Mercer in neutral zone.
2:44 of 1st period - Off-side.
2:45 of 1st period - Tyler Johnson wins face-off versus Anthony Cirelli in neutral zone.
2:47 of 1st period - Carson Soucy is hit by Ethan Bear and loses puck.
2:51 of 1st period - Icing by Ethan Bear.
2:52 of 1st period - Bo Horvat wins face-off versus Anthony Cirelli in WINNIPEG Jets zone.
2:53 of 1st period - Shot by Sven Baertschi.
2:53 of 1st period - Stopped by Ukko-Pekka Luukkonen with a rebound.
2:55 of 1st period - Shot by Yan Gourde.
2:55 of 1st period - Shot Misses the Net.
2:57 of 1st period - Shot by Bo Horvat.
2:57 of 1st period - Stopped by Ukko-Pekka Luukkonen without a rebound.
2:58 of 1st period - Dawson Mercer wins face-off versus Jack Roslovic in WINNIPEG Jets zone.
2:58 of 1st period - Dawson Mercer is hit by Pierre-luc Dubois.
3:08 of 1st period - Shot by Dawson Mercer.
3:08 of 1st period - Shot Misses the Net.
3:10 of 1st period - Shot by Dawson Mercer.
3:10 of 1st period - Stopped by Chris Driedger without a rebound.
3:11 of 1st period - Dmitrij Jaskin wins face-off versus Bo Horvat in COLUMBUS Blue Jackets zone.
3:12 of 1st period - Shot by Sam Bennett.
3:12 of 1st period - Stopped by Chris Driedger without a rebound.
3:13 of 1st period - Bo Horvat wins face-off versus Dawson Mercer in COLUMBUS Blue Jackets zone.
3:13 of 1st period - Bo Horvat is hit by Noah Cates.
5:26 of 1st period - Minor Penalty to Will Borgen for Hooking.
5:27 of 1st period - Yan Gourde wins face-off versus Dawson Mercer in COLUMBUS Blue Jackets zone.
6:48 of 1st period - Shot by Ethan Bear.
6:48 of 1st period - Stopped by Chris Driedger without a rebound.
6:49 of 1st period - Pierre-luc Dubois wins face-off versus Sam Bennett in COLUMBUS Blue Jackets zone.
6:58 of 1st period - Artturi Lehkonen is hit by Dmitrij Jaskin and loses puck.
7:08 of 1st period - Icing by Ethan Bear.
7:09 of 1st period - Sam Bennett wins face-off versus Yan Gourde in WINNIPEG Jets zone.
7:16 of 1st period - Shot by Kevin Hayes.
7:16 of 1st period - Stopped by Chris Driedger without a rebound.
7:17 of 1st period - Dawson Mercer wins face-off versus Pierre-luc Dubois in COLUMBUS Blue Jackets zone.
8:40 of 1st period - Shot by Bo Horvat.
8:40 of 1st period - Shot Misses the Net.
8:42 of 1st period - Shot by Yan Gourde.
8:42 of 1st period - Stopped by Ukko-Pekka Luukkonen with a rebound.
9:07 of 1st period - Icing by Yan Gourde.
9:08 of 1st period - Bo Horvat wins face-off versus Sam Bennett in COLUMBUS Blue Jackets zone.
9:41 of 1st period - Shot by Kevin Hayes.
9:41 of 1st period - Shot Blocked by Carson Soucy.
10:38 of 1st period - Minor Penalty to Jonas Siegenthaler for Slashing.
10:38 of 1st period - Minor Penalty to Rudolfs Balcers for Cross-checking.
10:39 of 1st period - Pierre-luc Dubois wins face-off versus Anthony Cirelli in WINNIPEG Jets zone.
11:03 of 1st period - Shot by Pierre-luc Dubois.
11:03 of 1st period - Stopped by Ukko-Pekka Luukkonen without a rebound.
11:04 of 1st period - Pierre-luc Dubois wins face-off versus Dmitrij Jaskin in WINNIPEG Jets zone.
11:07 of 1st period - Shot by Jordan Gross.
11:07 of 1st period - Stopped by Ukko-Pekka Luukkonen without a rebound.
11:08 of 1st period - Pierre-luc Dubois wins face-off versus Dmitrij Jaskin in WINNIPEG Jets zone.
11:51 of 1st period - Kevin Hayes is hit by Pierre-luc Dubois and loses puck.
12:04 of 1st period - John Marino is hit by Kevin Hayes and loses puck.
13:07 of 1st period - Colton White is hit by Will Borgen and loses puck.
13:11 of 1st period - Eeli Tolvanen is hit by Will Borgen.
13:55 of 1st period - Shot by Ethan Bear.
13:55 of 1st period - Shot Misses the Net.
13:57 of 1st period - Shot by Ethan Bear.
13:57 of 1st period - Shot Misses the Net.
14:14 of 1st period - Logan Brown is hit by William Lagesson and loses puck.
14:28 of 1st period - Off-side.
14:29 of 1st period - Sam Bennett wins face-off versus Pierre-luc Dubois in neutral zone.
14:32 of 1st period - Shot by Dmitrij Jaskin.
14:32 of 1st period - Shot Misses the Net.
14:43 of 1st period - Icing by Nick Perbix.
14:44 of 1st period - Yan Gourde wins face-off versus Dmitrij Jaskin in WINNIPEG Jets zone.
14:45 of 1st period - Shot by Sven Baertschi.
14:45 of 1st period - Shot Misses the Net.
14:51 of 1st period - Shot by Yan Gourde.
14:51 of 1st period - Shot Hit the Post.
14:53 of 1st period - Shot by Sven Baertschi.
14:53 of 1st period - Shot Misses the Net.
14:55 of 1st period - Shot by Bo Horvat.
14:55 of 1st period - Stopped by Ukko-Pekka Luukkonen without a rebound.
14:56 of 1st period - Noah Cates wins face-off versus Pierre-luc Dubois in WINNIPEG Jets zone.
15:38 of 1st period - Shot by Andreas Athanasiou.
15:38 of 1st period - Stopped by Chris Driedger with a rebound.
15:40 of 1st period - Shot by Ethan Bear.
15:40 of 1st period - Shot Hit the Post.
16:08 of 1st period - Shot by Sam Bennett.
16:08 of 1st period - Shot Misses the Net.
16:18 of 1st period - Shot by Kevin Hayes.
16:18 of 1st period - Shot Misses the Net.
17:00 of 1st period - Shot by Nick Perbix.
17:00 of 1st period - Stopped by Chris Driedger without a rebound.
17:01 of 1st period - Bo Horvat wins face-off versus Mattias Janmark in COLUMBUS Blue Jackets zone.
17:05 of 1st period - Off-side.
17:06 of 1st period - Bo Horvat wins face-off versus Dawson Mercer in neutral zone.
17:09 of 1st period - Shot by Bo Horvat.
17:09 of 1st period - Shot Blocked by Dawson Mercer.
17:22 of 1st period - Yan Gourde is hit by Ethan Bear and loses puck.
17:27 of 1st period - Shot by Yan Gourde.
17:27 of 1st period - Stopped by Ukko-Pekka Luukkonen with a rebound.
17:29 of 1st period - Shot by William Lagesson.
17:29 of 1st period - Stopped by Ukko-Pekka Luukkonen without a rebound.
17:30 of 1st period - Sam Bennett wins face-off versus Colin Blackwell in WINNIPEG Jets zone.
17:35 of 1st period - Shot by Sam Bennett.
17:35 of 1st period - Stopped by Chris Driedger without a rebound.
17:36 of 1st period - Colin Blackwell wins face-off versus Kevin Hayes in COLUMBUS Blue Jackets zone.
18:37 of 1st period - Minor Penalty to Dmitrij Jaskin for Slashing.
18:38 of 1st period - Bo Horvat wins face-off versus Mattias Janmark in WINNIPEG Jets zone.
18:47 of 1st period - Shot by Bo Horvat.
18:47 of 1st period - Shot Misses the Net.
18:49 of 1st period - Shot by Jordan Gross.
18:49 of 1st period - Shot Misses the Net.
18:51 of 1st period - Shot by Carson Soucy.
18:51 of 1st period - Shot Misses the Net.
18:53 of 1st period - Shot by Sven Baertschi.
18:53 of 1st period - Stopped by Ukko-Pekka Luukkonen without a rebound.
18:54 of 1st period - Mattias Janmark wins face-off versus Bo Horvat in WINNIPEG Jets zone.
19:59 of 1st period - Shot by Jordan Gross.
19:59 of 1st period - Shot Misses the Net.
Goals for this period are 2 for COLUMBUS Blue Jackets vs 1 for WINNIPEG Jets.
Shots for this period are 13 for COLUMBUS Blue Jackets vs 8 for WINNIPEG Jets.

2nd period


0:01 of 2nd period - Mattias Janmark wins face-off versus Pierre-luc Dubois in neutral zone.
0:28 of 2nd period - Shot by Tyler Johnson.
0:28 of 2nd period - Goal by Tyler Johnson - COLUMBUS Blue Jackets : 3 - WINNIPEG Jets : 1.
0:29 of 2nd period - Bo Horvat wins face-off versus Noah Cates in neutral zone.
0:46 of 2nd period - Shot by Dawson Mercer.
0:46 of 2nd period - Stopped by Chris Driedger without a rebound.
0:47 of 2nd period - Colin Blackwell wins face-off versus Sam Bennett in COLUMBUS Blue Jackets zone.
1:00 of 2nd period - Shot by Sam Bennett.
1:00 of 2nd period - Stopped by Chris Driedger without a rebound.
1:01 of 2nd period - Pierre-luc Dubois wins face-off versus Dawson Mercer in COLUMBUS Blue Jackets zone.
1:11 of 2nd period - Icing by Ethan Bear.
1:12 of 2nd period - Bo Horvat wins face-off versus Dawson Mercer in WINNIPEG Jets zone.
1:16 of 2nd period - Icing by Ethan Bear.
1:17 of 2nd period - Pierre-luc Dubois wins face-off versus Dawson Mercer in WINNIPEG Jets zone.
1:23 of 2nd period - Icing by Ethan Bear.
1:24 of 2nd period - Dawson Mercer wins face-off versus Pierre-luc Dubois in WINNIPEG Jets zone.
1:24 of 2nd period - Nick Leddy is hit by Tyler Johnson and loses puck.
1:32 of 2nd period - Dawson Mercer is hit by Dante Fabbro and loses puck.
1:38 of 2nd period - Icing by John Marino.
1:39 of 2nd period - Pierre-luc Dubois wins face-off versus Sam Bennett in COLUMBUS Blue Jackets zone.
1:39 of 2nd period - Pierre-luc Dubois is hit by Kevin Hayes.
1:44 of 2nd period - Jack Roslovic is hit by Dmitrij Jaskin and loses puck.
1:55 of 2nd period - Dmitrij Jaskin is hit by Dante Fabbro and loses puck.
2:06 of 2nd period - Minor Penalty to Dante Fabbro for Cross-checking.
2:07 of 2nd period - Yan Gourde wins face-off versus Dawson Mercer in COLUMBUS Blue Jackets zone.
2:16 of 2nd period - Shot by Nick Leddy.
2:16 of 2nd period - Goal by Nick Leddy - COLUMBUS Blue Jackets : 3 - WINNIPEG Jets : 2.
2:17 of 2nd period - Bo Horvat wins face-off versus Anthony Cirelli in neutral zone.
2:17 of 2nd period - Yan Gourde is hit by Eeli Tolvanen and loses puck.
2:21 of 2nd period - Off-side.
2:22 of 2nd period - Sam Bennett wins face-off versus Bo Horvat in neutral zone.
3:05 of 2nd period - Shot by Bo Horvat.
3:05 of 2nd period - Goal by Bo Horvat - COLUMBUS Blue Jackets : 4 - WINNIPEG Jets : 2.
3:05 of 2nd period - Charlie Lindgren enters game.
3:06 of 2nd period - Pierre-luc Dubois wins face-off versus Dawson Mercer in neutral zone.
3:06 of 2nd period - William Lagesson is hit by Dawson Mercer and loses puck.
3:15 of 2nd period - Shot by Tyler Johnson.
3:15 of 2nd period - Stopped by Charlie Lindgren without a rebound.
3:16 of 2nd period - Anthony Cirelli wins face-off versus Pierre-luc Dubois in WINNIPEG Jets zone.
4:34 of 2nd period - Minor Penalty to Ethan Bear for Hooking.
4:35 of 2nd period - Bo Horvat wins face-off versus Dmitrij Jaskin in WINNIPEG Jets zone.
4:44 of 2nd period - Shot by Yan Gourde.
4:44 of 2nd period - Stopped by Charlie Lindgren without a rebound.
4:45 of 2nd period - Bo Horvat wins face-off versus Sam Bennett in WINNIPEG Jets zone.
4:48 of 2nd period - Shot by Yan Gourde.
4:48 of 2nd period - Shot Blocked by Jonas Siegenthaler.
4:57 of 2nd period - Icing by John Marino.
4:58 of 2nd period - Bo Horvat wins face-off versus Dmitrij Jaskin in COLUMBUS Blue Jackets zone.
5:07 of 2nd period - Shot by Dante Fabbro.
5:07 of 2nd period - Shot Misses the Net.
5:21 of 2nd period - Shot by Dawson Mercer.
5:21 of 2nd period - Shot Misses the Net.
5:59 of 2nd period - Shot by Jack Roslovic.
5:59 of 2nd period - Stopped by Charlie Lindgren without a rebound.
6:00 of 2nd period - Pierre-luc Dubois wins face-off versus Dmitrij Jaskin in WINNIPEG Jets zone.
6:05 of 2nd period - Shot by Carson Soucy.
6:05 of 2nd period - Shot Misses the Net.
6:07 of 2nd period - Shot by Tyler Johnson.
6:07 of 2nd period - Stopped by Charlie Lindgren without a rebound.
6:08 of 2nd period - Pierre-luc Dubois wins face-off versus Dmitrij Jaskin in WINNIPEG Jets zone.
6:27 of 2nd period - Shot by Pierre-luc Dubois.
6:27 of 2nd period - Shot Misses the Net.
6:43 of 2nd period - Shot by Dawson Mercer.
6:43 of 2nd period - Shot Misses the Net.
6:45 of 2nd period - Shot by Andreas Athanasiou.
6:45 of 2nd period - Shot Misses the Net.
6:47 of 2nd period - Shot by Ethan Bear.
6:47 of 2nd period - Shot Blocked by Dante Fabbro.
6:49 of 2nd period - Shot by Dawson Mercer.
6:49 of 2nd period - Stopped by Chris Driedger without a rebound.
6:50 of 2nd period - Bo Horvat wins face-off versus Alexei Toropchenko in COLUMBUS Blue Jackets zone.
7:19 of 2nd period - Shot by Eeli Tolvanen.
7:19 of 2nd period - Shot Misses the Net.
7:42 of 2nd period - Eeli Tolvanen is hit by Pierre-luc Dubois and loses puck.
7:43 of 2nd period - Minor Penalty to Tyler Johnson for High sticking.
7:44 of 2nd period - Sam Bennett wins face-off versus Yan Gourde in COLUMBUS Blue Jackets zone.
8:15 of 2nd period - Shot by Nick Leddy.
8:15 of 2nd period - Shot Misses the Net.
8:17 of 2nd period - Shot by Kevin Hayes.
8:17 of 2nd period - Shot Misses the Net.
8:36 of 2nd period - Nick Leddy is hit by John Marino and loses puck.
8:50 of 2nd period - Icing by Nick Perbix.
8:51 of 2nd period - Dawson Mercer wins face-off versus Yan Gourde in WINNIPEG Jets zone.
9:34 of 2nd period - Evgeny Svechnikov is hit by Carson Soucy and loses puck.
9:46 of 2nd period - Icing by Colton White.
9:47 of 2nd period - Pierre-luc Dubois wins face-off versus Anthony Cirelli in WINNIPEG Jets zone.
10:07 of 2nd period - Shot by Tyler Johnson.
10:07 of 2nd period - Goal by Tyler Johnson - COLUMBUS Blue Jackets : 5 - WINNIPEG Jets : 2.
10:08 of 2nd period - Colin Blackwell wins face-off versus Sam Bennett in neutral zone.
10:08 of 2nd period - Colin Blackwell is hit by Kevin Hayes.
10:58 of 2nd period - Artturi Lehkonen is hit by Ethan Bear and loses puck.
11:09 of 2nd period - Shot by Tyler Johnson.
11:09 of 2nd period - Shot Misses the Net.
11:37 of 2nd period - Shot by Noah Cates.
11:37 of 2nd period - Shot Blocked by Carson Soucy.
12:03 of 2nd period - Shot by Yan Gourde.
12:03 of 2nd period - Stopped by Charlie Lindgren without a rebound.
12:04 of 2nd period - Bo Horvat wins face-off versus Logan Brown in WINNIPEG Jets zone.
13:18 of 2nd period - Colin Blackwell is hit by Nick Perbix and loses puck.
13:32 of 2nd period - Icing by Nick Perbix.
13:33 of 2nd period - Logan Brown wins face-off versus Pierre-luc Dubois in WINNIPEG Jets zone.
13:33 of 2nd period - Nick Perbix is hit by Pierre-luc Dubois and loses puck.
13:40 of 2nd period - Shot by Tyler Johnson.
13:40 of 2nd period - Shot Misses the Net.
13:49 of 2nd period - Minor Penalty to Pierre-luc Dubois for Tripping.
13:50 of 2nd period - Yan Gourde wins face-off versus Sam Bennett in COLUMBUS Blue Jackets zone.
13:50 of 2nd period - Yan Gourde is hit by Dmitrij Jaskin.
14:24 of 2nd period - Shot by Kevin Hayes.
14:24 of 2nd period - Shot Blocked by Carson Soucy.
14:57 of 2nd period - Shot by Colton White.
14:57 of 2nd period - Shot Misses the Net.
15:01 of 2nd period - Shot by Anthony Cirelli.
15:01 of 2nd period - Stopped by Chris Driedger without a rebound.
15:02 of 2nd period - Yan Gourde wins face-off versus Dawson Mercer in COLUMBUS Blue Jackets zone.
15:07 of 2nd period - Shot by Nick Leddy.
15:07 of 2nd period - Stopped by Chris Driedger without a rebound.
15:08 of 2nd period - Yan Gourde wins face-off versus Andreas Athanasiou in COLUMBUS Blue Jackets zone.
15:08 of 2nd period - Yan Gourde is hit by Evgeny Svechnikov.
16:02 of 2nd period - Shot by Pierre-luc Dubois.
16:02 of 2nd period - Deflect By Jack Roslovic.
16:02 of 2nd period - Shot Misses the Net.
16:04 of 2nd period - Shot by Will Borgen.
16:04 of 2nd period - Shot Hit the Post.
16:10 of 2nd period - Shot by Tyler Johnson.
16:10 of 2nd period - Stopped by Charlie Lindgren without a rebound.
16:11 of 2nd period - Colin Blackwell wins face-off versus Sam Bennett in WINNIPEG Jets zone.
16:11 of 2nd period - Colin Blackwell is hit by Nikita Zadorov.
16:33 of 2nd period - Dmitrij Jaskin is hit by Nino Niederreiter and loses puck.
17:01 of 2nd period - Minor Penalty to Dmitrij Jaskin for Roughing.
17:01 of 2nd period - Minor Penalty to Nino Niederreiter for Tripping.
17:02 of 2nd period - Jack Roslovic wins face-off versus Anthony Cirelli in neutral zone.
17:17 of 2nd period - Shot by Jack Roslovic.
17:17 of 2nd period - Stopped by Charlie Lindgren without a rebound.
17:18 of 2nd period - Anthony Cirelli wins face-off versus Pierre-luc Dubois in WINNIPEG Jets zone.
17:18 of 2nd period - Anthony Cirelli is hit by Pierre-luc Dubois.
18:15 of 2nd period - Icing by Nick Leddy.
18:16 of 2nd period - Pierre-luc Dubois wins face-off versus Anthony Cirelli in WINNIPEG Jets zone.
18:55 of 2nd period - Shot by Mattias Janmark.
18:55 of 2nd period - Shot Misses the Net.
18:58 of 2nd period - Icing by William Lagesson.
18:59 of 2nd period - Bo Horvat wins face-off versus Mattias Janmark in COLUMBUS Blue Jackets zone.
19:40 of 2nd period - Shot by Yan Gourde.
19:40 of 2nd period - Stopped by Charlie Lindgren with a rebound.
19:42 of 2nd period - Shot by Bo Horvat.
19:42 of 2nd period - Shot Blocked by Jonas Siegenthaler.
19:54 of 2nd period - Shot by Artturi Lehkonen.
19:54 of 2nd period - Stopped by Charlie Lindgren without a rebound.
19:55 of 2nd period - Colin Blackwell wins face-off versus Sam Bennett in WINNIPEG Jets zone.
19:56 of 2nd period - Shot by Nino Niederreiter.
19:56 of 2nd period - Stopped by Charlie Lindgren without a rebound.
19:57 of 2nd period - Sam Bennett wins face-off versus Nick Paul in WINNIPEG Jets zone.
19:57 of 2nd period - Sam Bennett is hit by Justin Danforth.
Goals for this period are 3 for COLUMBUS Blue Jackets vs 1 for WINNIPEG Jets.
Shots for this period are 13 for COLUMBUS Blue Jackets vs 6 for WINNIPEG Jets.

3rd period


0:01 of 3rd period - Pierre-luc Dubois wins face-off versus Sam Bennett in neutral zone.
0:04 of 3rd period - Shot by Jack Roslovic.
0:04 of 3rd period - Shot Blocked by Ethan Bear.
0:18 of 3rd period - Shot by Kevin Hayes.
0:18 of 3rd period - Stopped by Chris Driedger without a rebound.
0:19 of 3rd period - Bo Horvat wins face-off versus Dawson Mercer in COLUMBUS Blue Jackets zone.
0:42 of 3rd period - Shot by Yan Gourde.
0:42 of 3rd period - Stopped by Charlie Lindgren without a rebound.
0:43 of 3rd period - Sam Bennett wins face-off versus Pierre-luc Dubois in WINNIPEG Jets zone.
1:10 of 3rd period - Shot by Tyler Johnson.
1:10 of 3rd period - Stopped by Charlie Lindgren without a rebound.
1:11 of 3rd period - Bo Horvat wins face-off versus Dawson Mercer in WINNIPEG Jets zone.
1:22 of 3rd period - Shot by Sven Baertschi.
1:22 of 3rd period - Stopped by Charlie Lindgren without a rebound.
1:23 of 3rd period - Nino Niederreiter wins face-off versus Alexei Toropchenko in WINNIPEG Jets zone.
1:38 of 3rd period - Shot by Artturi Lehkonen.
1:38 of 3rd period - Stopped by Charlie Lindgren without a rebound.
1:39 of 3rd period - Pierre-luc Dubois wins face-off versus Sam Bennett in WINNIPEG Jets zone.
1:50 of 3rd period - Shot by Kevin Hayes.
1:50 of 3rd period - Shot Blocked by Dante Fabbro.
2:06 of 3rd period - Shot by Dmitrij Jaskin.
2:06 of 3rd period - Stopped by Chris Driedger without a rebound.
2:07 of 3rd period - Dawson Mercer wins face-off versus Bo Horvat in COLUMBUS Blue Jackets zone.
2:07 of 3rd period - Dawson Mercer is hit by William Lagesson.
2:10 of 3rd period - Minor Penalty to Carson Soucy for Slashing.
2:11 of 3rd period - Yan Gourde wins face-off versus Dawson Mercer in COLUMBUS Blue Jackets zone.
2:20 of 3rd period - Shot by Ethan Bear.
2:20 of 3rd period - Stopped by Chris Driedger with a rebound.
2:52 of 3rd period - Shot by Ethan Bear.
2:52 of 3rd period - Shot Blocked by Nick Paul.
3:01 of 3rd period - Icing by Ethan Bear.
3:02 of 3rd period - Dawson Mercer wins face-off versus Pierre-luc Dubois in WINNIPEG Jets zone.
3:46 of 3rd period - Shot by Dmitrij Jaskin.
3:46 of 3rd period - Stopped by Chris Driedger without a rebound.
3:47 of 3rd period - Yan Gourde wins face-off versus Sam Bennett in COLUMBUS Blue Jackets zone.
4:10 of 3rd period - Shot by Sam Bennett.
4:10 of 3rd period - Stopped by Chris Driedger with a rebound.
4:29 of 3rd period - Icing by William Lagesson.
4:30 of 3rd period - Andreas Athanasiou wins face-off versus Pierre-luc Dubois in COLUMBUS Blue Jackets zone.
4:35 of 3rd period - Shot by Andreas Athanasiou.
4:35 of 3rd period - Shot Misses the Net.
4:37 of 3rd period - Shot by Noah Cates.
4:37 of 3rd period - Stopped by Chris Driedger with a rebound.
4:39 of 3rd period - Shot by Noah Cates.
4:39 of 3rd period - Shot Misses the Net.
4:41 of 3rd period - Shot by Nikita Zadorov.
4:41 of 3rd period - Shot Blocked by Pierre-luc Dubois.
4:43 of 3rd period - Shot by Nikita Zadorov.
4:43 of 3rd period - Goal by Nikita Zadorov - COLUMBUS Blue Jackets : 5 - WINNIPEG Jets : 3.
4:44 of 3rd period - Nino Niederreiter wins face-off versus Eeli Tolvanen in neutral zone.
5:06 of 3rd period - Alexei Toropchenko is hit by John Marino and loses puck.
5:12 of 3rd period - Alexei Toropchenko is hit by Dante Fabbro and loses puck.
5:23 of 3rd period - Shot by Eeli Tolvanen.
5:23 of 3rd period - Shot Blocked by Artturi Lehkonen.
5:25 of 3rd period - Shot by Jonas Siegenthaler.
5:25 of 3rd period - Shot Misses the Net.
5:27 of 3rd period - Shot by Anthony Cirelli.
5:27 of 3rd period - Shot Misses the Net.
6:32 of 3rd period - Shot by Noah Cates.
6:32 of 3rd period - Shot Misses the Net.
6:34 of 3rd period - Shot by Dawson Mercer.
6:34 of 3rd period - Stopped by Chris Driedger with a rebound.
7:04 of 3rd period - Shot by Nick Perbix.
7:04 of 3rd period - Stopped by Chris Driedger with a rebound.
7:17 of 3rd period - Sven Baertschi is hit by Logan Brown and loses puck.
7:21 of 3rd period - Off-side.
7:22 of 3rd period - Nick Paul wins face-off versus Anthony Cirelli in neutral zone.
7:22 of 3rd period - Minor Penalty to Anthony Cirelli for Hooking.
7:23 of 3rd period - Dmitrij Jaskin wins face-off versus Bo Horvat in WINNIPEG Jets zone.
8:14 of 3rd period - Minor Penalty to Pierre-luc Dubois for High sticking.
8:15 of 3rd period - Rudolfs Balcers wins face-off versus Dawson Mercer in COLUMBUS Blue Jackets zone.
9:01 of 3rd period - Icing by Kevin Hayes.
9:02 of 3rd period - Dawson Mercer wins face-off versus Nick Paul in WINNIPEG Jets zone.
9:06 of 3rd period - Dawson Mercer is hit by John Marino and loses puck.
9:35 of 3rd period - Shot by Nick Perbix.
9:35 of 3rd period - Stopped by Chris Driedger with a rebound.
9:37 of 3rd period - Shot by Evgeny Svechnikov.
9:37 of 3rd period - Shot Misses the Net.
9:39 of 3rd period - Shot by Nick Perbix.
9:39 of 3rd period - Deflect By Andreas Athanasiou.
9:39 of 3rd period - Shot Blocked by William Lagesson.
9:41 of 3rd period - Shot by Nikita Zadorov.
9:41 of 3rd period - Shot Misses the Net.
9:54 of 3rd period - Andreas Athanasiou is hit by Dante Fabbro and loses puck.
10:17 of 3rd period - Shot by Jack Roslovic.
10:17 of 3rd period - Shot Misses the Net.
10:31 of 3rd period - Shot by Jack Roslovic.
10:31 of 3rd period - Stopped by Charlie Lindgren with a rebound.
10:33 of 3rd period - Shot by Pierre-luc Dubois.
10:33 of 3rd period - Shot Blocked by Colton White.
10:35 of 3rd period - Shot by Tyler Johnson.
10:35 of 3rd period - Shot Misses the Net.
10:37 of 3rd period - Shot by Tyler Johnson.
10:37 of 3rd period - Stopped by Charlie Lindgren without a rebound.
10:38 of 3rd period - Sam Bennett wins face-off versus Bo Horvat in WINNIPEG Jets zone.
10:45 of 3rd period - Shot by Sam Bennett.
10:45 of 3rd period - Stopped by Chris Driedger without a rebound.
10:46 of 3rd period - Bo Horvat wins face-off versus Dawson Mercer in COLUMBUS Blue Jackets zone.
11:11 of 3rd period - Shot by Sven Baertschi.
11:11 of 3rd period - Shot Misses the Net.
11:14 of 3rd period - Sven Baertschi is hit by Ethan Bear.
11:28 of 3rd period - Bo Horvat is hit by Noah Cates and loses puck.
12:16 of 3rd period - Shot by Jack Roslovic.
12:16 of 3rd period - Shot Blocked by Nikita Zadorov.
12:18 of 3rd period - Shot by John Marino.
12:18 of 3rd period - Shot Blocked by Nick Perbix.
12:20 of 3rd period - Shot by Pierre-luc Dubois.
12:20 of 3rd period - Shot Misses the Net.
12:22 of 3rd period - Shot by Dante Fabbro.
12:22 of 3rd period - Shot Blocked by Nikita Zadorov.
12:55 of 3rd period - Shot by Alexei Toropchenko.
12:55 of 3rd period - Stopped by Chris Driedger without a rebound.
12:56 of 3rd period - Nick Paul wins face-off versus Logan Brown in COLUMBUS Blue Jackets zone.
12:56 of 3rd period - Nick Paul is hit by Logan Brown.
13:01 of 3rd period - Rudolfs Balcers is hit by Colton White and loses puck.
13:05 of 3rd period - Justin Danforth is hit by Jonas Siegenthaler and loses puck.
13:23 of 3rd period - Nick Paul is hit by Jonas Siegenthaler and loses puck.
13:27 of 3rd period - Minor Penalty to Jonas Siegenthaler for Delaying the game.
13:28 of 3rd period - Tyler Johnson wins face-off versus Dmitrij Jaskin in WINNIPEG Jets zone.
15:14 of 3rd period - Shot by John Marino.
15:14 of 3rd period - Shot Misses the Net.
15:16 of 3rd period - Shot by John Marino.
15:16 of 3rd period - Shot Misses the Net.
15:18 of 3rd period - Shot by John Marino.
15:18 of 3rd period - Goal by John Marino - COLUMBUS Blue Jackets : 6 - WINNIPEG Jets : 3.
15:19 of 3rd period - Colin Blackwell wins face-off versus Dawson Mercer in neutral zone.
15:30 of 3rd period - Shot by Nino Niederreiter.
15:30 of 3rd period - Shot Blocked by Jonas Siegenthaler.
15:36 of 3rd period - Shot by Artturi Lehkonen.
15:36 of 3rd period - Shot Misses the Net.
16:08 of 3rd period - Shot by Justin Danforth.
16:08 of 3rd period - Deflect By Nick Paul.
16:08 of 3rd period - Shot Misses the Net.
16:15 of 3rd period - Noah Cates is hit by Jordan Gross.
16:29 of 3rd period - Shot by Eeli Tolvanen.
16:29 of 3rd period - Shot Blocked by Jordan Gross.
16:31 of 3rd period - Shot by Anthony Cirelli.
16:31 of 3rd period - Deflect By Alexei Toropchenko.
16:31 of 3rd period - Stopped by Chris Driedger without a rebound.
16:32 of 3rd period - Pierre-luc Dubois wins face-off versus Logan Brown in COLUMBUS Blue Jackets zone.
16:53 of 3rd period - Shot by Pierre-luc Dubois.
16:53 of 3rd period - Shot Misses the Net.
16:55 of 3rd period - Shot by Pierre-luc Dubois.
16:55 of 3rd period - Stopped by Charlie Lindgren with a rebound.
16:57 of 3rd period - Shot by Jack Roslovic.
16:57 of 3rd period - Shot Misses the Net.
17:11 of 3rd period - Shot by Jack Roslovic.
17:11 of 3rd period - Shot Misses the Net.
17:13 of 3rd period - Shot by John Marino.
17:13 of 3rd period - Shot Misses the Net.
17:15 of 3rd period - Shot by Pierre-luc Dubois.
17:15 of 3rd period - Stopped by Charlie Lindgren without a rebound.
17:16 of 3rd period - Bo Horvat wins face-off versus Anthony Cirelli in WINNIPEG Jets zone.
17:22 of 3rd period - Sven Baertschi is hit by Nick Leddy and loses puck.
17:28 of 3rd period - Icing by Alexei Toropchenko.
17:29 of 3rd period - Anthony Cirelli wins face-off versus Colin Blackwell in WINNIPEG Jets zone.
18:04 of 3rd period - Shot by Nino Niederreiter.
18:04 of 3rd period - Shot Blocked by Ethan Bear.
18:12 of 3rd period - Shot by Nino Niederreiter.
18:12 of 3rd period - Shot Misses the Net.
18:55 of 3rd period - Minor Penalty to Pierre-luc Dubois for High sticking.
18:56 of 3rd period - Yan Gourde wins face-off versus Dawson Mercer in COLUMBUS Blue Jackets zone.
18:56 of 3rd period - Carson Soucy is hit by Nikita Zadorov and loses puck.
19:19 of 3rd period - Shot by Dawson Mercer.
19:19 of 3rd period - Shot Blocked by Carson Soucy.
19:25 of 3rd period - Shot by Andreas Athanasiou.
19:25 of 3rd period - Stopped by Chris Driedger without a rebound.
19:26 of 3rd period - Sam Bennett wins face-off versus Yan Gourde in COLUMBUS Blue Jackets zone.
19:29 of 3rd period - Shot by Kevin Hayes.
19:29 of 3rd period - Shot Misses the Net.
19:31 of 3rd period - Shot by Sam Bennett.
19:31 of 3rd period - Shot Blocked by Dante Fabbro.
19:33 of 3rd period - Shot by Kevin Hayes.
19:33 of 3rd period - Shot Misses the Net.
19:35 of 3rd period - Shot by Dmitrij Jaskin.
19:35 of 3rd period - Deflect By Kevin Hayes.
19:35 of 3rd period - Goal by Kevin Hayes - COLUMBUS Blue Jackets : 6 - WINNIPEG Jets : 4.
19:36 of 3rd period - Pierre-luc Dubois wins face-off versus Sam Bennett in neutral zone.
19:52 of 3rd period - Shot by Jack Roslovic.
19:52 of 3rd period - Shot Misses the Net.
19:58 of 3rd period - Shot by Tyler Johnson.
19:58 of 3rd period - Deflect By Jack Roslovic.
19:58 of 3rd period - Shot Blocked by Dmitrij Jaskin.
Goals for this period are 1 for COLUMBUS Blue Jackets vs 2 for WINNIPEG Jets.
Shots for this period are 9 for COLUMBUS Blue Jackets vs 15 for WINNIPEG Jets.